[Event "ICC tourney 2049 (75 10)"]
[Site "Internet Chess Club"]
[Date "2020.10.09"]
[Round "1"]
[White "RhettLangseth"]
[Black "kaspanama0375"]
[Result "1-0"]
[ICCResult "Black resigns"]
[WhiteElo "2169"]
[BlackElo "1863"]
[Opening "Queen's pawn: London system"]
[ECO "A45"]
[NIC "QP.07"]
[Time "20:06:05"]
[TimeControl "4500+10"]

1. d4 Nf6 2. Bf4 g6 3. c3 Bg7 4. Nd2 c5 5. dxc5 O-O 6. g3 Nh5 7. Be3 Nc6 8.
Bg2 Nf6 9. Nb3 a5 10. a4 e5 11. Nf3 e4 12. Nfd2 Qe7 13. Nc4 Ng4 14. Bf4 Qe6
15. Nb6 e3 16. Nxa8 Nxf2 17. Qd5 Nxh1 18. Qxe6 fxe6 19. Bxh1 {Black resigns}
1-0

[Event "ICC tourney 2049 (75 10)"]
[Site "Internet Chess Club"]
[Date "2020.10.09"]
[Round "1"]
[White "ShadowApt"]
[Black "jairam09"]
[Result "1-0"]
[ICCResult "Black checkmated"]
[WhiteElo "2088"]
[BlackElo "1804"]
[Opening "Caro-Kann: Tartakower (Nimzovich) variation"]
[ECO "B15"]
[NIC "CK.06"]
[Time "20:06:14"]
[TimeControl "4500+10"]

1. e4 c6 2. d4 d5 3. Nd2 dxe4 4. Nxe4 Nf6 5. Nxf6+ exf6 6. c3 Bd6 7. Bd3 Be6
8. Qc2 h6 9. Ne2 O-O 10. Be3 Nd7 11. Ng3 Re8 12. O-O-O Qa5 13. b3 Qc7 14.
Qd2 Bf8 15. Bc2 Nb6 16. Bf4 Bd6 17. Bxh6 gxh6 18. Kb2 Bf4 19. Qd3 Kf8 20.
Qh7 Ke7 21. Nf5+ Bxf5 22. Qxf5 Kd8 23. Qxf6+ Kc8 24. Rhe1 Rxe1 25. Rxe1 Bd6
26. Re8+ Kd7 27. Qxf7+ Be7 28. Qxe7# {Black checkmated} 1-0

[Event "ICC tourney 2049 (75 10)"]
[Site "Internet Chess Club"]
[Date "2020.10.09"]
[Round "1"]
[White "rockinroll"]
[Black "IndianTerritory"]
[Result "0-1"]
[ICCResult "White checkmated"]
[WhiteElo "1798"]
[BlackElo "2082"]
[Opening "Queen's pawn"]
[ECO "A40"]
[NIC "QO.17"]
[Time "20:05:55"]
[TimeControl "4500+10"]

1. d4 c6 2. Bf4 d5 3. e3 Bf5 4. Nd2 e6 5. Ngf3 Nf6 6. Ne5 Bb4 7. c3 Bd6 8.
Be2 h6 9. h3 Qc7 10. Rc1 Nbd7 11. Ndf3 O-O 12. O-O Nb6 13. Nd2 c5 14. a4
Rfc8 15. f3 cxd4 16. exd4 Nbd7 17. Nxd7 Bxf4 18. Nc5 Be3+ 19. Kh1 Nh5 20. g4
Qg3 21. Rf2 Qxh3+ 22. Rh2 Ng3# {White checkmated} 0-1

[Event "ICC tourney 2049 (75 10)"]
[Site "Internet Chess Club"]
[Date "2020.10.09"]
[Round "1"]
[White "adchess"]
[Black "Roger436"]
[Result "1-0"]
[ICCResult "Black checkmated"]
[WhiteElo "1978"]
[BlackElo "1680"]
[Opening "King's Indian: fianchetto without c4"]
[ECO "A49"]
[NIC "KI.79"]
[Time "20:06:11"]
[TimeControl "4500+10"]

1. d4 Nf6 2. Nf3 g6 3. g3 Bg7 4. Bg2 O-O 5. O-O d6 6. c4 Nbd7 7. b3 e5 8.
dxe5 dxe5 9. Nc3 c6 10. Qc2 Qc7 11. Rd1 a5 12. Ba3 Re8 13. Bd6 Qb6 14. Na4
Qd8 15. Nxe5 Nxe5 16. Bxe5 Qe7 17. Bd6 Qxe2 18. Qxe2 Rxe2 19. Nb6 Ra6 20.
Nxc8 Ng4 21. Bf3 Re8 22. Bxg4 Bxa1 23. Rxa1 f5 24. Ne7+ Kf7 25. Nxf5 gxf5
26. Bh5+ Kf6 27. Bxe8 Ra8 28. Re1 Kg7 29. Re7+ Kf6 30. Bh5 Rd8 31. Rf7+ Kg5
32. Be7+ Kh6 33. Bxd8 Kxh5 34. Rg7 Kh6 35. Bf6 Kh5 36. Rg5+ Kh6 37. h4 b5
38. Bg7# {Black checkmated} 1-0

[Event "ICC tourney 2049 (75 10)"]
[Site "Internet Chess Club"]
[Date "2020.10.09"]
[Round "1"]
[White "challenger2010"]
[Black "piplup0621"]
[Result "1-0"]
[ICCResult "Black resigns"]
[WhiteElo "2147"]
[BlackElo "1895"]
[Opening "Réti: King's Indian attack"]
[ECO "A05"]
[NIC "QP.11"]
[Time "20:06:05"]
[TimeControl "4500+10"]

1. Nf3 Nf6 2. g3 g6 3. Bg2 Bg7 4. O-O O-O 5. c4 d5 6. cxd5 Nxd5 7. Nc3 Nb6
8. d4 Nc6 9. e3 Re8 10. h3 e5 11. d5 Na5 12. Nd2 c6 13. e4 cxd5 14. exd5
Nac4 15. Nxc4 Nxc4 16. Qb3 Nd6 17. Be3 Bf5 18. Rfd1 b6 19. g4 Bc8 20. Ne4
Bb7 21. Rac1 h6 22. Rc6 Nxe4 23. Bxe4 Bxc6 24. dxc6 Qf6 25. c7 Rac8 26. Rd7
Bf8 27. Bb7 Kg7 28. Bxc8 Rxc8 29. Qd5 Be7 30. Qb7 Qh4 31. Qxc8 Qxh3 32. Rxe7
h5 33. Rxf7+ {Black resigns} 1-0

[Event "ICC tourney 2049 (75 10)"]
[Site "Internet Chess Club"]
[Date "2020.10.09"]
[Round "1"]
[White "karuto2006"]
[Black "mlabudde"]
[Result "0-1"]
[ICCResult "White resigns"]
[WhiteElo "1734"]
[BlackElo "2066"]
[Opening "French: Tarrasch, closed variation"]
[ECO "C05"]
[NIC "FR.17"]
[Time "20:06:01"]
[TimeControl "4500+10"]

1. e4 e6 2. d4 d5 3. Nd2 Nf6 4. e5 Nfd7 5. Bd3 c5 6. c3 Nc6 7. Ne2 Qb6 8.
Nf3 cxd4 9. cxd4 f6 10. exf6 Nxf6 11. O-O Bd6 12. Re1 O-O 13. a3 Qc7 14. h3
e5 15. dxe5 Nxe5 16. Nxe5 Bxe5 17. Rb1 b6 18. Bd2 Bb7 19. Bc3 Bh2+ 20. Kh1
Ne4 21. Bxe4 dxe4 22. Qb3+ Kh8 23. Bd4 e3 24. Bxe3 Bd6 25. Rbc1 Qd7 26. Kg1
Qf5 27. Ng3 Qg6 28. Bd4 Rad8 29. Qc3 Rc8 30. Qe3 Rxc1 31. Rxc1 Bf4 32. Qe7
Re8 33. Bxg7+ Kg8 34. Qxb7 Bxc1 35. Bc3 Qf7 36. Qc6 Rf8 37. Bd4 Bxb2 38.
Bxb2 Qxf2+ 39. Kh2 Qxb2 40. Qe6+ Kh8 41. Qe7 Qg7 42. Qe6 Rg8 43. Qd6 Re8 44.
Qf4 Qe5 45. Qg4 b5 46. Qf3 a5 47. Qb3 Rg8 48. Qf3 b4 49. axb4 axb4 50. Qb3
Qxg3+ {White resigns} 0-1

[Event "ICC tourney 2049 (75 10)"]
[Site "Internet Chess Club"]
[Date "2020.10.09"]
[Round "1"]
[White "Natey"]
[Black "Adhvaith0406"]
[Result "0-1"]
[ICCResult "White checkmated"]
[WhiteElo "1685"]
[BlackElo "2004"]
[Opening "Sicilian: Najdorf"]
[ECO "B90"]
[NIC "SI.14"]
[Time "20:06:02"]
[TimeControl "4500+10"]

1. e4 c5 2. Nf3 d6 3. d4 cxd4 4. Nxd4 Nf6 5. Nc3 a6 6. f3 e5 7. Nb3 Be6 8.
Be3 Be7 9. Qd2 O-O 10. O-O-O Nbd7 11. g4 b5 12. g5 b4 13. gxf6 bxc3 14. Qxc3
Nxf6 15. Bd3 a5 16. Kb1 a4 17. Nd2 Rc8 18. Nc4 Qc7 19. b3 d5 20. exd5 Nxd5
21. Qb2 a3 22. Qa1 e4 23. Bxe4 Nxe3 24. Rdg1 Ng4 25. Rxg4 Bxg4 26. fxg4 Bf6
27. c3 Qf4 28. Bc2 Rxc4 29. Rc1 Rxc3 30. Bxh7+ Kxh7 31. Rxc3 Qf1+ 32. Rc1
Qxc1+ 33. Kxc1 Bxa1 34. Kd2 Kg6 35. Kd3 Kg5 36. Kc4 Kxg4 37. Kb5 Kh3 38. Ka4
Bb2 39. b4 Kxh2 40. b5 f5 41. b6 Rb8 42. b7 Rxb7 43. Ka5 Bc3+ 44. Ka4 Ba5
45. Kxa3 f4 46. Ka4 f3 47. a3 f2 48. Kxa5 f1=Q 49. a4 Qb1 50. Ka6 Qb6#
{White checkmated}
0-1

[Event "ICC tourney 2049 (75 10)"]
[Site "Internet Chess Club"]
[Date "2020.10.09"]
[Round "1"]
[White "clair"]
[Black "sirking2800"]
[Result "1/2-1/2"]
[ICCResult "Game drawn by mutual agreement"]
[WhiteElo "1729"]
[BlackElo "1994"]
[Opening "Queen's pawn: London system"]
[ECO "A45"]
[NIC "QP.07"]
[Time "20:05:57"]
[TimeControl "4500+10"]

1. d4 Nf6 2. Bf4 g6 3. Nc3 Bg7 4. e4 d6 5. Qd2 O-O 6. O-O-O a6 7. Bh6 b5 8.
f3 b4 9. Nce2 c5 10. Bxg7 Kxg7 11. dxc5 Qa5 12. Kb1 Be6 13. b3 dxc5 14. Nf4
Nc6 15. Nxe6+ fxe6 16. Bc4 Rad8 17. Qc1 Rxd1 18. Qxd1 Rd8 19. Qc1 Nd4 20.
Ne2 Rd6 21. h4 Nb5 22. e5 Nd5 23. Bxb5 Rd8 24. Bc4 Qc7 25. f4 Qc6 26. Rg1
Nb6 27. f5 Nxc4 28. f6+ exf6 29. exf6+ Kf7 30. bxc4 Qe4 31. Ng3 Qxh4 32. Qe3
Qd4 33. Re1 Qxe3 34. Rxe3 Kxf6 35. Ne4+ Kf5 36. Nxc5 Rd6 37. Nd3 a5 38. Kc1
Rd4 39. Re5+ Kf6 40. Rxa5 Rxc4 41. Kd2 Rg4 42. Ne1 e5 43. a4 bxa3 44. Rxa3
e4 45. c4 e3+ 46. Kxe3 Rxc4 47. Ra5 Rc1 48. Kf2 Rb1 49. Nf3 Rb2+ 50. Kg3
{Game drawn by mutual agreement}
1/2-1/2

[Event "ICC tourney 2049 (75 10)"]
[Site "Internet Chess Club"]
[Date "2020.10.09"]
[Round "1"]
[White "KnightowlCul8r"]
[Black "spellking98"]
[Result "1-0"]
[ICCResult "Black resigns"]
[WhiteElo "1924"]
[BlackElo "1963"]
[Opening "Pirc defense"]
[ECO "B07"]
[NIC "PU.07"]
[Time "20:06:17"]
[TimeControl "4500+10"]

1. e4 d6 2. d4 Nf6 3. Nc3 g6 4. Bd3 Bg7 5. h3 c6 6. f4 O-O 7. Nf3 Nbd7 8.
O-O e5 9. dxe5 dxe5 10. f5 Nc5 11. Bg5 gxf5 12. Qe2 Nxd3 13. cxd3 fxe4 14.
Nxe4 Qb6+ 15. Be3 Qc7 16. Bc5 Re8 17. Nfg5 Qd8 18. Rxf6 Bxf6 19. Qh5 Bxg5
20. Nxg5 Bf5 21. Qxf7+ Kh8 22. Qxf5 Qc7 23. Ne6 Qd7 24. Qxe5+ Kg8 25. Qg5+
Kf7 26. Qg7+ Kxe6 27. Re1+ {Black resigns} 1-0

[Event "ICC tourney 2049 (75 10)"]
[Site "Internet Chess Club"]
[Date "2020.10.09"]
[Round "1"]
[White "poohfur"]
[Black "Yooper"]
[Result "0-1"]
[ICCResult "White resigns"]
[WhiteElo "1715"]
[BlackElo "2022"]
[Opening "Sicilian: accelerated fianchetto, Maróczy bind, 6.Be3"]
[ECO "B38"]
[NIC "SI.33"]
[Time "20:06:40"]
[TimeControl "4500+10"]

1. e4 c5 2. Nf3 Nc6 3. d4 cxd4 4. Nxd4 g6 5. Be3 Bg7 6. c4 d6 7. Nc3 Nf6 8.
f3 O-O 9. Qd2 Nd7 10. h4 Nxd4 11. Bxd4 Bxd4 12. Qxd4 Qb6 13. Qd2 Nf6 14. h5
Be6 15. f4 Qc6 16. hxg6 fxg6 17. f5 Bxc4 18. fxg6 hxg6 19. Qh6 Kf7 20. O-O-O
Rh8 21. Bxc4+ Qxc4 22. Qg5 Rh5 23. Qf4 b5 24. Kb1 b4 25. Nd5 Qxe4+ 26. Qxe4
Nxe4 27. Nxb4 Rb8 28. Rhf1+ Rf5 29. Rxf5+ gxf5 30. Nd5 e6 {White resigns}
0-1

[Event "ICC tourney 2049 (75 10)"]
[Site "Internet Chess Club"]
[Date "2020.10.09"]
[Round "1"]
[White "greenninja"]
[Black "AJ2000"]
[Result "1-0"]
[ICCResult "Black resigns"]
[WhiteElo "1962"]
[BlackElo "1632"]
[Opening "Ruy Lopez: 5.O-O"]
[ECO "C78"]
[NIC "RL.12"]
[Time "20:06:06"]
[TimeControl "4500+10"]

1. e4 e5 2. Nf3 Nc6 3. Bb5 a6 4. Ba4 Nf6 5. O-O b5 6. Bb3 Bc5 7. c3 d6 8. d4
Bb6 9. a4 Rb8 10. a5 Ba7 11. h3 O-O 12. Re1 h6 13. Bc2 Re8 14. b3 b4 15. d5
Ne7 16. c4 c6 17. Nbd2 cxd5 18. cxd5 Bd7 19. Bd3 Bb5 20. Bxb5 axb5 21. Nf1
Bc5 22. Qd3 Ng6 23. Ng3 Nf4 24. Bxf4 exf4 25. Nf5 Kh7 26. N5d4 Qc8 27. e5+
Kg8 28. exf6 Bxd4 29. Nxd4 Qc3 30. Qxc3 bxc3 31. Nc6 Rbc8 32. Ne7+ Rxe7 33.
fxe7 Re8 34. a6 f6 35. a7 Ra8 36. e8=R+ {Black resigns} 1-0

[Event "ICC tourney 2049 (75 10)"]
[Site "Internet Chess Club"]
[Date "2020.10.09"]
[Round "1"]
[White "Vish1080"]
[Black "Bearbarion"]
[Result "1-0"]
[ICCResult "Black resigns"]
[WhiteElo "1667"]
[BlackElo "1726"]
[Opening "QGD semi-Slav: accelerated Meran (Alekhine variation)"]
[ECO "D11"]
[NIC "QP.11"]
[Time "20:06:04"]
[TimeControl "4500+10"]

1. Nf3 Nf6 2. c4 c6 3. e3 d5 4. d4 a6 5. Nc3 e6 6. b3 Bb4 7. Bd2 O-O 8. Bd3
Nbd7 9. O-O Bd6 10. e4 dxe4 11. Nxe4 Nxe4 12. Bxe4 Nf6 13. Bg5 h6 14. Bxf6
Qxf6 15. Qd2 Re8 16. Rae1 a5 17. c5 Bf4 18. Qd3 Rd8 19. Qc4 Bd7 20. Ne5 g6
21. g3 Bxe5 22. dxe5 Qxe5 23. Bxg6 Qf6 24. Bh5 e5 25. f4 Be6 26. Qe4 exf4
27. Rxf4 Qg5 28. Bxf7+ Bxf7 29. Rg4 Re8 30. Rxg5+ hxg5 31. Qb1 Rad8 32.
Rxe8+ Rxe8 33. Qf5 Bd5 34. Qxg5+ Kf8 35. Qf6+ Kg8 36. Qc3 a4 37. h4 Re2 38.
bxa4 Kf7 39. Qb4 Rxa2 40. Qxb7+ Kf6 41. Qb4 Ra1+ 42. Kf2 Ra2+ 43. Ke3 Rg2
44. Qf4+ Kg6 45. Qg5+ Kf7 46. h5 Kf8 47. h6 {Black resigns} 1-0

[Event "ICC tourney 2049 (75 10)"]
[Site "Internet Chess Club"]
[Date "2020.10.09"]
[Round "1"]
[White "IAlwaysWin"]
[Black "Gold-Finch123"]
[Result "1-0"]
[ICCResult "Black resigns"]
[WhiteElo "1962"]
[BlackElo "1633"]
[Opening "English opening"]
[ECO "A16"]
[NIC "EO.64"]
[Time "20:06:17"]
[TimeControl "4500+10"]

1. c4 Nf6 2. Nc3 c6 3. g3 d5 4. cxd5 cxd5 5. Bg2 e6 6. b3 Be7 7. Bb2 Nc6 8.
Nf3 b6 9. Rc1 Bb7 10. O-O O-O 11. d4 Rc8 12. e3 Ne4 13. Nxe4 dxe4 14. Nd2 f5
15. Nc4 Nb4 16. Ra1 Nd3 17. Bc3 b5 18. Ba5 Qd5 19. Ne5 Nxe5 20. dxe5 Qxe5
21. Qd7 Bf6 22. Qxb7 Rb8 23. Qc7 b4 24. Rac1 Rb5 25. Qxe5 Bxe5 26. Bc7 Bc3
27. Rfd1 Rb7 28. Bd6 Rd8 29. Bc5 Rc8 30. Bd4 Rbc7 31. Bf1 e5 32. Bxc3 bxc3
33. Bc4+ Kf8 34. Rxc3 f4 35. Rc2 f3 36. Rcd2 Ke7 37. Rd5 Kf6 38. Rd6+ Kg5
39. h4+ Kh5 40. Re6 Rc5 41. Rd7 Kg4 42. Kh2 R8c7 43. Rxc7 Rxc7 44. Rxe5
{Black resigns}
1-0

[Event "ICC tourney 2049 (75 10)"]
[Site "Internet Chess Club"]
[Date "2020.10.09"]
[Round "1"]
[White "CoolKoiFish"]
[Black "KittiesRock18"]
[Result "0-1"]
[ICCResult "White resigns"]
[WhiteElo "1841"]
[BlackElo "1563"]
[Opening "Sicilian: closed"]
[ECO "B23"]
[NIC "SI.44"]
[Time "20:06:01"]
[TimeControl "4500+10"]

1. e4 c5 2. Nc3 d6 3. f4 g6 4. Nf3 Bg7 5. Bc4 Nc6 6. O-O e6 7. d4 Nxd4 8.
Be3 Qb6 9. Bb3 Nxb3 10. axb3 Nf6 11. Na4 Qc6 12. e5 Ng4 13. Qe2 dxe5 14.
Nxe5 Nxe5 15. fxe5 Bxe5 16. Bxc5 f6 17. Bb4 b5 18. Nc3 a6 19. Ne4 f5 20. Ng5
Bb7 21. Nf3 Bxb2 22. Rad1 Qe4 23. Qd2 Qc6 24. c3 a5 25. Bxa5 Bc1 26. Qd4 O-O
27. Bb4 e5 28. Qf2 Bf4 29. Bxf8 Rxf8 30. Qb2 Rc8 31. Kh1 Qc5 32. b4 Qc4 33.
Qa1 Ra8 34. Qb2 Ra2 35. Qb1 Qe2 36. Qb3+ Kf8 37. Rd8+ Kg7 38. Rd7+ Kh6 39.
Rxh7+ Kxh7 40. Qf7+ Kh6 41. Qf8+ Kh5 42. Qh8+ Bh6 43. g4+ fxg4 {White
resigns} 0-1

[Event "ICC tourney 2049 (75 10)"]
[Site "Internet Chess Club"]
[Date "2020.10.09"]
[Round "1"]
[White "Arshshah"]
[Black "qiaoqiaoszx"]
[Result "0-1"]
[ICCResult "White resigns"]
[WhiteElo "1843"]
[BlackElo "2139"]
[Opening "Sicilian: dragon, Yugoslav attack, 9...Bd7"]
[ECO "B77"]
[NIC "SI.18"]
[Time "20:05:58"]
[TimeControl "4500+10"]

1. e4 c5 2. Nf3 d6 3. d4 cxd4 4. Nxd4 Nf6 5. Nc3 g6 6. Be3 Bg7 7. f3 O-O 8.
Bc4 Nc6 9. Qd2 Bd7 10. g4 Ne5 11. Bb3 b5 12. Qe2 Qa5 13. Bd2 Qb6 14. Be3 Nc4
15. Bf2 Nxg4 16. Ne6 Nxf2 17. Nxf8 Nxh1 18. Nxd7 Qg1+ 19. Qf1 Bxc3+ 20. bxc3
Qe3+ 21. Qe2 Qxc3+ 22. Kf1 Qxa1+ 23. Kg2 Rd8 24. Bxc4 Rxd7 25. Bb3 a6 26.
Qf1 Qxf1+ 27. Kxf1 Rc7 28. Kg1 {White resigns} 0-1

[Event "ICC tourney 2049 (75 10)"]
[Site "Internet Chess Club"]
[Date "2020.10.09"]
[Round "1"]
[White "kapilank"]
[Black "Elieman"]
[Result "0-1"]
[ICCResult "White resigns"]
[WhiteElo "1814"]
[BlackElo "2093"]
[Opening "Ruy Lopez: fianchetto (Smyslov/Barnes) defense"]
[ECO "C60"]
[NIC "RL.03"]
[Time "20:06:12"]
[TimeControl "4500+10"]

1. e4 e5 2. Nf3 Nc6 3. Bb5 g6 4. O-O Bg7 5. c3 a6 6. Ba4 Nge7 7. d4 exd4 8.
cxd4 b5 9. Bb3 d6 10. h3 O-O 11. Nc3 Na5 12. Bc2 c5 13. Be3 Nc4 14. b3 Nxe3
15. fxe3 Nc6 16. Ne2 Bb7 17. Rc1 Qb6 18. Qd2 Rfe8 19. Bb1 Rac8 20. Rfd1 b4
21. Rc4 Na5 22. Rcc1 Bxe4 23. Bxe4 Rxe4 24. Ng3 Re7 25. e4 Rce8 26. Kh1 Nc6
27. dxc5 dxc5 28. Rc4 Bc3 29. Qe3 Nd4 30. Nxd4 Bxd4 31. Qf3 Qb7 32. Qf1 h5
33. h4 Rxe4 34. Nxe4 Rxe4 35. Rdxd4 cxd4 36. Qf2 d3 37. Rd4 Qb6 {White
resigns} 0-1

[Event "ICC tourney 2049 (75 10)"]
[Site "Internet Chess Club"]
[Date "2020.10.09"]
[Round "1"]
[White "BranKing"]
[Black "Sricharan07"]
[Result "1-0"]
[ICCResult "Black resigns"]
[WhiteElo "2117"]
[BlackElo "1891"]
[Opening "French: Winawer (Nimzovich) variation"]
[ECO "C15"]
[NIC "FR.08"]
[Time "20:06:09"]
[TimeControl "4500+10"]

1. e4 e6 2. d4 d5 3. Nc3 Bb4 4. exd5 exd5 5. Bd3 Nf6 6. Ne2 O-O 7. O-O Bg4
8. f3 Bh5 9. Bg5 c6 10. Nf4 Bg6 11. Nxg6 hxg6 12. f4 Qb6 13. Bxf6 gxf6 14.
Ne2 f5 15. c3 Bd6 16. Ng3 Qc7 17. Qf3 Re8 18. Bxf5 Qe7 19. Qg4 Qf6 20. Bc2
Re3 21. Qc8+ Bf8 22. Qxb7 Bd6 23. Qxa8 Qe7 24. Bb3 Qc7 25. Rae1 Rd3 26. Rd1
Re3 27. Rfe1 Bxf4 28. Rxe3 Bxe3+ 29. Kh1 f5 30. c4 {Black resigns} 1-0

[Event "ICC tourney 2049 (75 10)"]
[Site "Internet Chess Club"]
[Date "2020.10.09"]
[Round "1"]
[White "combusken1123"]
[Black "GutsyEdge"]
[Result "0-1"]
[ICCResult "White resigns"]
[WhiteElo "1671"]
[BlackElo "1972"]
[Opening "Sicilian: Kan, 5.Nc3"]
[ECO "B43"]
[NIC "SI.41"]
[Time "20:05:58"]
[TimeControl "4500+10"]

1. e4 c5 2. Nf3 e6 3. d4 cxd4 4. Nxd4 a6 5. Nc3 Qc7 6. a3 Nf6 7. Be3 Be7 8.
Be2 O-O 9. Qd2 b5 10. g4 b4 11. axb4 Bxb4 12. f3 Bxc3 13. bxc3 d5 14. g5
Nfd7 15. exd5 exd5 16. Bf4 Qd8 17. h4 Re8 18. h5 Ne5 19. Kf2 Nbc6 20. Rag1
Bb7 21. Bd3 Nxd3+ 22. Qxd3 Ne5 23. Bxe5 Rxe5 24. g6 fxg6 25. hxg6 h6 26. Qd2
Qf6 27. Rg4 Rf8 28. Rhh4 Re4 29. Kg3 Rxg4+ 30. Rxg4 Bc8 31. Rh4 Qxg6+ 32.
Kf2 Bf5 33. Rh2 Qd6 34. Rg2 Be4 35. Ke2 Bh7 36. Kf2 Qf6 37. Rg3 h5 38. Qg5
h4 39. Rg4 Qxg5 40. Rxg5 Rc8 41. Rxd5 h3 42. Kg3 Rxc3 43. Kxh3 Bxc2 44. Nxc2
Rxc2 45. Ra5 Rc6 46. Kg4 Kh7 47. Kg5 Rb6 48. Kg4 Kg6 49. f4 Kf6 50. Rf5+ Ke6
51. Rg5 Kf6 52. Rf5+ Ke7 53. Rg5 g6 54. Kf3 Kf6 55. Kg4 Rb5 56. f5 Rb4+ 57.
Kg3 Kxg5 58. fxg6 Rb3+ 59. Kf2 Kxg6 60. Ke2 a5 61. Kd2 a4 62. Kc2 Rh3 63.
Kb2 a3+ 64. Ka2 Kf6 65. Ka1 Rh2 66. Kb1 Ke5 67. Ka1 Kd4 68. Kb1 Kc4 69. Ka1
Kb3 {White resigns} 0-1

[Event "ICC tourney 2049 (75 10)"]
[Site "Internet Chess Club"]
[Date "2020.10.09"]
[Round "1"]
[White "HR2005"]
[Black "saanvichess"]
[Result "1-0"]
[ICCResult "Black resigns"]
[WhiteElo "2016"]
[BlackElo "1715"]
[Opening "French: Winawer, advance, poisoned pawn variation"]
[ECO "C18"]
[NIC "FR.09"]
[Time "20:06:01"]
[TimeControl "4500+10"]

1. e4 e6 2. d4 d5 3. Nc3 Bb4 4. e5 Ne7 5. a3 Bxc3+ 6. bxc3 c5 7. Qg4 O-O 8.
Bd3 Nbc6 9. Nf3 f5 10. exf6 Rxf6 11. Bg5 Rf7 12. Qh5 g6 13. Qh4 c4 14. Be2
Qa5 15. Bd2 Nf5 16. Qh3 Bd7 17. g4 Nd6 18. Ng5 Rg7 19. O-O Nxd4 20. Bd1 Nc6
21. Re1 Re8 22. Bf3 Nb5 23. Rad1 Nxa3 24. Ra1 Qc5 25. Be3 Qd6 26. Ra2 Nb5
27. Rb2 a6 28. Bg2 Qa3 29. Bc1 Qa5 30. Bd2 d4 31. Ne4 dxc3 32. Nxc3 Rf7 33.
Ne4 Qc7 34. Ng5 Rg7 35. c3 Rf8 36. Ne4 Ne5 37. Bh6 Nd3 38. Bxg7 Kxg7 39. Ng5
h6 40. Nxe6+ Bxe6 41. Rxe6 Nf4 42. Qe3 Nxe6 43. Qxe6 Qf4 44. Rc2 Na3 45.
Qe7+ Kg8 46. Qxa3 Qxg4 47. Qd6 Qf5 48. Qd5+ Qf7 49. Qxb7 Qxb7 50. Bxb7 a5
51. Bd5+ Kg7 52. Bxc4 a4 53. Ra2 Ra8 54. Kf1 a3 55. Ke2 Kf6 56. Kd3 Ke5 57.
Kc2 Ke4 58. Kb3 Kf3 59. Bd5+ {Black resigns} 1-0

[Event "ICC tourney 2049 (75 10)"]
[Site "Internet Chess Club"]
[Date "2020.10.09"]
[Round "1"]
[White "hpu2005"]
[Black "tigertiger2019"]
[Result "1-0"]
[ICCResult "Black resigns"]
[WhiteElo "1970"]
[BlackElo "1658"]
[Opening "Grünfeld: exchange variation"]
[ECO "D85"]
[NIC "GI.04"]
[Time "20:06:12"]
[TimeControl "4500+10"]

1. d4 Nf6 2. c4 g6 3. Nc3 d5 4. cxd5 Nxd5 5. e4 Nxc3 6. bxc3 Bg7 7. Qa4+ Nd7
8. Nf3 O-O 9. Be2 c5 10. Be3 Nf6 11. Nd2 cxd4 12. cxd4 b6 13. O-O Bb7 14. f3
e6 15. Rac1 Qe7 16. Bg5 h6 17. Bh4 g5 18. Bg3 Nh5 19. Rc7 Qd8 20. Rxb7 Nxg3
21. hxg3 Bxd4+ 22. Kh1 Be5 23. Rd7 Qf6 24. Kh2 h5 25. Nc4 Bb8 26. e5 Bxe5
27. Nxe5 Qxe5 28. Qe4 Qxe4 29. fxe4 g4 30. Rf6 Kg7 31. Rxe6 Rae8 32. Ree7 a5
33. Bc4 Rxe7 34. Rxe7 Kf6 35. Rb7 Ke5 36. Bd5 f5 37. Re7+ Kd6 38. Re6+ Kc5
39. Bb3 fxe4 40. Rxe4 Rf5 41. Be6 Rg5 42. Rf4 b5 43. Rf5+ Rxf5 44. Bxf5 a4
45. Bg6 Kb4 46. Bxh5 Ka3 47. Bf7 b4 48. Kg1 b3 49. axb3 axb3 50. Kf2 b2 51.
Bg6 Kb4 52. Ke3 Kc3 53. Kf4 Kd2 54. Kxg4 Kc1 55. Be4 b1=Q 56. Bxb1 Kxb1 57.
Kf4 Kc2 58. g4 Kd3 59. g5 Ke2 60. g6 Kf2 61. g4 Ke2 62. g7 {Black resigns}
1-0

[Event "ICC tourney 2049 (75 10)"]
[Site "Internet Chess Club"]
[Date "2020.10.09"]
[Round "1"]
[White "ZaeemA"]
[Black "mopaska1106"]
[Result "0-1"]
[ICCResult "White resigns"]
[WhiteElo "1621"]
[BlackElo "1961"]
[Opening "Sicilian: Labourdonnais-Löwenthal (Kalashnikov) variation"]
[ECO "B32"]
[NIC "SI.32"]
[Time "20:06:12"]
[TimeControl "4500+10"]

1. e4 c5 2. Nf3 Nc6 3. d4 cxd4 4. Nxd4 e5 5. Nb5 d6 6. a4 Be7 7. N1c3 a6 8.
Na3 f5 9. exf5 Nf6 10. Bc4 Bxf5 11. O-O Rc8 12. h3 Nd4 13. Bd3 Be6 14. f4
O-O 15. Be3 Qd7 16. Kh2 Nc6 17. Bc4 d5 18. fxe5 Nxe5 19. Be2 Rxc3 20. bxc3
Qc7 21. Bf4 Ne4 22. Qd4 Rxf4 23. Rxf4 Nf3+ 24. Bxf3 Qxf4+ 25. Kh1 Bd6 26.
Kg1 Bc5 27. Re1 Bxd4+ 28. cxd4 Qg3 29. Re2 g5 30. Bxe4 dxe4 31. Rxe4 Bxh3
32. Re2 Bg4 33. Rf2 Qxa3 34. d5 h5 35. c4 Qxa4 36. c5 Qd1+ 37. Kh2 Qxd5
{White resigns}
0-1

[Event "ICC tourney 2049 (75 10)"]
[Site "Internet Chess Club"]
[Date "2020.10.09"]
[Round "1"]
[White "sanjayselvam"]
[Black "Chessking2008"]
[Result "0-1"]
[ICCResult "White resigns"]
[WhiteElo "1919"]
[BlackElo "2183"]
[Opening "Queen's pawn: London system"]
[ECO "A45"]
[NIC "QP.07"]
[Time "20:06:13"]
[TimeControl "4500+10"]

1. d4 Nf6 2. Bf4 c5 3. e3 d5 4. c3 Nc6 5. Nd2 Qb6 6. Qb3 e6 7. Ngf3 Be7 8.
Be2 O-O 9. h3 Bd7 10. O-O Rfc8 11. Be5 cxd4 12. Qxb6 axb6 13. exd4 Ne4 14.
Nxe4 dxe4 15. Nd2 Nxe5 16. dxe5 Bc6 17. Nc4 Bc5 18. b4 b5 19. Nb2 Bf8 20.
Rfc1 Rd8 21. Rd1 Rxd1+ 22. Nxd1 g6 23. c4 bxc4 24. Bxc4 Bxb4 25. Rb1 Bc5 26.
Ne3 Bxe3 27. fxe3 Ra5 28. g4 Rxe5 29. Kf2 Kf8 30. Kg3 g5 31. h4 h6 32. hxg5
hxg5 33. Rd1 Ke7 34. Rd4 Rc5 35. Bb3 f5 36. gxf5 exf5 37. Rd2 Rc3
{White resigns}
0-1

[Event "ICC tourney 2049 (75 10)"]
[Site "Internet Chess Club"]
[Date "2020.10.09"]
[Round "1"]
[White "Danifrani"]
[Black "winner08"]
[Result "1-0"]
[ICCResult "Black checkmated"]
[WhiteElo "2081"]
[BlackElo "1797"]
[Opening "Vienna gambit: Paulsen attack"]
[ECO "C29"]
[NIC "VG.03"]
[Time "20:06:23"]
[TimeControl "4500+10"]

1. e4 e5 2. Nc3 Nf6 3. f4 d5 4. fxe5 Nxe4 5. Qf3 Nxc3 6. dxc3 c5 7. Bf4 Nc6
8. O-O-O Be6 9. Bc4 Qc8 10. Rxd5 Bxd5 11. Qxd5 Qf5 12. Nh3 Rd8 13. Qf3 Be7
14. Re1 O-O 15. g4 Qd7 16. e6 Qc8 17. exf7+ Kh8 18. Be6 Qa8 19. Ng5 Bxg5 20.
Bxg5 Rd6 21. Qf5 Nd8 22. Bb3 b6 23. Be7 Nxf7 24. Bxf7 Rfd8 25. Bxd6 Qg2 26.
Re8+ Rxe8 27. Bxe8 Qg1+ 28. Kd2 Qg2+ 29. Kd3 c4+ 30. Kxc4 Qe2+ 31. Kb3 Qxe8
32. Qf8+ Qxf8 33. Bxf8 Kg8 34. Bd6 Kf7 35. Kc4 Ke6 36. Bb8 a6 37. Kd4 b5 38.
c4 b4 39. c5 a5 40. Bf4 a4 41. c6 b3 42. cxb3 axb3 43. axb3 h6 44. c7 Kd7
45. h4 g6 46. b4 Kc8 47. b5 Kb7 48. b6 Kc8 49. Kc5 Kb7 50. Kd6 Kc8 51. Kc6
h5 52. b7# {Black checkmated} 1-0